cohdb
Replays
Latest Replays
All Replays
Popular Replays
Top Player Replays
Match Explorer
How It Works
Community
CoH3 Stats
Reddit
Sign in to upload your games and track your stats! →
Sign in with Steam
Match 39922299
Unlisted
Match 39922299
Overview
Messages
Build Orders
End
Construct Infanterie Kompanie
Selects Italian Coastal Battlegroup
Selects Coastal Reserves
Coastal Reserve
MG 42 Machine Gun Team
Coastal Reserve
GrW 34 Mortar Team
Selects Artillery Officer
Medical Bunker
Artillery Officer
Infanterie Officer Quarters
MG 42 Bunker
Coastal Reserve
Construct Panzergrenadier Kompanie
Selects Support Bunkers
MG 42 Bunker
Selects Rapid Fortifications
Rapid Fortifications
MG 42 Bunker
Rapid Fortifications
MG 42 Bunker
MG 42 Bunker
Selects Bulwark
Construct Panzer Kompanie
Selects Coastal Wall
MG 42 Bunker
Sturmpanzer IV Brummbär
Rapid Fortifications
Stoßtruppen Squad
Panzer Officer Quarters
Repair Bunker
MG 42 Bunker
MG 42 Bunker
Rapid Fortifications
Stoßtruppen Squad
Stoßtruppen Squad
MG 42 Bunker
Rapid Fortifications
MG 42 Bunker
Medical Bunker
MG 42 Bunker
Rapid Fortifications
MG 42 Bunker
Side Skirts
Support Elements
Nebelwerfer 42 Rocket Launcher Team
Nebelwerfer 42 Rocket Launcher Team
Panzergrenadier Officer Quarters
LoliFromFBI
T.Justice
TheXfang
Spidlle
Captain Winters
ChuCky76630
KEKEKING
Oncle-Hô
0
0
Comments
sign in to comment!
No comments posted yet!